 Dungeon Crawl Stone Soup version 0.24.0-123-gd5b16e6ec5 (webtiles) character file.

Game seed: 17844660161549473254, levelgen mode: deterministic

127 Mrkan the Covered (level 4, -3/41 HPs)
             Began as a Minotaur Fighter on Dec 30, 2019.
             Was an Initiate of Ru.
             Slain by a crocodile (14 damage)
             ... in a sewer.
             The game lasted 00:03:13 (1477 turns).

Mrkan the Covered (Minotaur Fighter)                Turns: 1477, Time: 00:03:13

Health: -3/41      AC:  7    Str: 21    XL:     4   Next: 85%
Magic:  3/3        EV:  7    Int:  5    God:    Ru [......]
Gold:   104        SH:  9    Dex: 10    Spells: 3/3 levels left

rFire    . . .     SeeInvis .   a - +0 war axe
rCold    . . .     Gourm    .   c - +0 shield
rNeg     . . .     Faith    .   b - +0 scale mail
rPois    .         Spirit   .   (helmet restricted)
rElec    .         Reflect  .   (no cloak)
rCorr    .         Harm     .   (no gloves)
MR       .....                  (no boots)
Stlth    ..........             (no amulet)
HPRegen  0.13/turn              (no ring)
MPRegen  0.08/turn              (no ring)

@: no status effects
A: retaliatory headbutt, horns 2
a: Renounce Religion


You were in a sewer.
You worshipped Ru.
Ru was noncommittal.
You were not hungry.

You visited 1 branch of the dungeon, and saw 3 of its levels.
You also visited: Sewer.

You collected 104 gold pieces.

Inventory:

Hand Weapons
 a - a +0 war axe (weapon)
Armour
 b - a +0 scale mail (worn)
 c - a +0 shield (worn)
 p - a +0 pair of gloves
Jewellery
 g - a +3 ring of evasion {unknown}
Scrolls
 e - a scroll of magic mapping {unknown}
 i - a scroll of teleportation {unknown}
 j - a scroll of amnesia {unknown}
 k - 2 scrolls of random uselessness {unknown}
 l - a scroll of remove curse {unknown}
 n - a scroll of identify {unknown}
Potions
 d - 3 potions of might
 h - a potion of haste {unknown}
 m - a potion of flight {unknown}
 o - a potion of heal wounds {unknown}
 q - a potion of mutation {unknown}
Comestibles
 f - 5 rations


   Skills:
 + Level 4.4 Fighting
 * Level 4.3 Axes
 + Level 4.4 Armour
 + Level 4.3 Shields


You had 3 spell levels left.
You didn't know any spells.
Your spell library was empty.

Dungeon Overview and Level Annotations

Branches:
Dungeon (3/15)              Sewer (1/1)

Altars:
Ru


Innate Abilities, Weirdness & Mutations

You reflexively headbutt those who attack you in melee.
You have a pair of horns on your head.


Message History

A crocodile comes into view.
Found a quarterstaff and a garnet ring.
Found a murky blue potion.
You closely miss the crocodile. Your headbutt misses the crocodile.
You block the crocodile's attack. The crocodile closely misses you.
You closely miss the crocodile. The crocodile bites you.
You hit the crocodile.
The crocodile is lightly wounded.
The crocodile bites you!
You slash the crocodile! You headbutt the crocodile.
The crocodile is heavily wounded.
The crocodile bites you! The crocodile barely misses you.
You barely miss the crocodile.
The crocodile is heavily wounded.
The crocodile bites you.
* * * LOW HITPOINT WARNING * * *
You hit the crocodile. You headbutt the crocodile.
The crocodile is almost dead.
The crocodile bites you!
You die...

### ## ## ...##
#=! ###.. .≈≈≈.###
)≈##... #.≈...###
###≈...≈ #≈....##
#..≈..≈## ##≈....≈
#..≈..###
###.....##
#t@..≈####...≈.###
###..≈.≈.≈.≈.###
###......###
########


You could see a crocodile.

Vanquished Creatures
  Terence (D:2)
  2 adders (D:2)
  2 gnolls (D:1)
  An ooze (D:3)
  A worm (D:3)
  A dart slug (D:2)
  A leopard gecko (D:3)
  An orc (D:3)
  2 ball pythons
  5 bats
  4 giant cockroaches
  7 goblins
  3 hobgoblins (D:2)
  8 jackals
  A frilled lizard (D:2)
  9 kobolds
  5 rats
  A fungus (D:2)
  A plant (D:2)
56 creatures vanquished.

Notes
Turn   | Place    | Note
-------+----------+-------------------------------------------
     0 | D:1      | Mrkan the Minotaur Fighter began the quest for the Orb.
     0 | D:1      | Reached XP level 1. HP: 19/19 MP: 0/0
   173 | D:1      | Reached XP level 2. HP: 22/27 MP: 1/1
   291 | D:1      | Reached XP level 3. HP: 32/33 MP: 2/2
   554 | D:2      | Noticed Terence
   561 | D:2      | Killed Terence
   589 | D:2      | Reached XP level 4. HP: 37/40 MP: 3/3
  1165 | D:2      | Found a sacrificial altar of Ru.
  1263 | D:2      | Became a worshipper of Ru the Awakened
  1386 | D:3      | Found a glowing drain.
  1417 | Sewer    | Entered a sewer
  1468 | Sewer    | Noticed a crocodile
  1477 | Sewer    | Slain by a crocodile

Levels and vault maps discovered:
D:1:      elethiomel_arrival_maze, layout_rooms, minmay_misc_feat_roman
D:2:      layout_loops_cross, nicolae_ru_the_path_less_chosen, uniq_terence
D:3:      layout_basic, cheibrodos_sewer_entry_drain
Sewer:    sewer_the_crocodile

Skill      XL: |  1  2  3  4 |
---------------+-------------+-----
Axes           | 3 4 |  4.3
Fighting       | 4 |  4.4
Armour         | 4 |  4.4
Shields        | 4 |  4.3

Action                   |  1- 3 |  4- 6 || total
-------------------------+-------+-------++-------
Melee: War axe           |    45 |    91 ||   136
       Headbutt          |     4 |    23 ||    27
  Eat: Chunk             |       |     2 ||     2
Armor: Scale mail        |    25 |    26 ||    51
Dodge: Dodged            |    15 |    27 ||    42
Block: Shield            |    35 |    37 ||    72
